Unix NetHack Version 3.7.0-89 Work-in-progress - last build Sep 7 2023 15:16:41 (8494bff02b67719303c47e298deaa89034127798,branch:master). Game began 2023-09-11 16:51:02, ended 2023-09-12 21:53:08. grux, lawful female human Valkyrie --------------------------------- --------------------- | | | | | | | | |.|.|.|.|.|.|.|.|.|.|.|.|.|.|.|.| | | |.|.|.|.|.|^|.|.|.|.| |.........................................................................| |.......................h.................................................| |..................................................%............%.........| | ---.*.................................. ---...%%.........| |............................... |...............| --- | | | |..........l........| ---.|.|.|.|%....| |...................|---------- --------|.....| | --- | | | |...................|.|.|.|.|.----- | |?|.|%.%..| |.. |.........%...:............Q..............|...............| |.......... ---..?....>.................@.............---..........<%..| |.........................................deS.............................| |........................................SG@xr...s.............r..........| |.............(...........................rx..............................| |.........................................:...............................| | | | | | | | | | | | | | | | | | | | |.|.|.|.|.| | | | |.|.|.|.|.|.|.|.|.| ----------- ------------------- Grux the Woman-at-arms St:18 Dx:17 Co:18 In:10 Wi:10 Ch:7 Lawful S:50288 Dlvl:11 $:618 HP:0(95) Pw:21(21) AC:-5 Xp:11/12240 T:17300 Satiated Blind Latest messages: The grid bug bites! You avoid harm. It misses! The little dog bites! The gnome lord hits! The garter snake bites! The grid bug bites! You get zapped! The zap doesn't shock you! The grid bug misses! It hits! The little dog bites! The little dog bites! The giant rat just misses! The garter snake bites! The grid bug bites! You get zapped! The zap doesn't shock you! The grid bug misses! It hits! The little dog bites! The gnome lord hits! The giant rat misses! The garter snake bites! The grid bug bites! You avoid harm. The grid bug bites! You avoid harm. It misses! The little dog bites! The little dog bites! The gnome lord hits! The giant rat bites! The garter snake bites! The grid bug misses! The grid bug bites! You avoid harm. It hits! The little dog bites! The giant rat bites! The garter snake misses! The grid bug misses! The grid bug misses! It hits! You die... Do you want your possessions identified? [ynq] (y) y Do you want to see your attributes? [ynq] (y) y Do you want an account of creatures vanquished? [ynaq] (y) y Do you want to see your conduct and achievements? [ynq] (y) y Do you want to see the dungeon overview? [ynq] (y) y Inventory: Coins $ - 618 gold pieces Amulets R - a cursed amulet of change f - an uncursed amulet of flying Q - a cursed amulet of restful sleep U - a cursed amulet of strangulation Weapons b - a +0 dagger (at the ready) J - a +1 orcish dagger a - the blessed rustproof +5 Excalibur (weapon in hand) Armor j - a blessed +3 elven leather helm (being worn) q - an uncursed fireproof +0 pair of leather gloves (being worn) k - an uncursed +0 pair of elven boots d - an uncursed +0 pair of iron shoes (being worn) c - an uncursed burnt very rotted +3 small shield (being worn) i - a cursed -1 cloak of invisibility Z - an uncursed rotted +0 mummy wrapping (being worn) L - an uncursed +0 Hawaiian shirt with a giant eel motif l - an uncursed +0 elven mithril-coat (being worn) Scrolls G - an uncursed scroll of confuse monster F - an uncursed scroll of teleportation Rings I - a cursed ring of conflict r - an uncursed ring of fire resistance t - an uncursed ring of poison resistance Y - a cursed ring of protection from shape changers P - an uncursed ring of regeneration S - an uncursed ring of slow digestion Wands y - a wand of digging (0:7) z - a wand of light (0:9) E - a wand of magic missile (0:1) h - a wand of opening (0:3) v - a wand of polymorph (0:7) w - a wand of polymorph (0:6) K - a wand of slow monster (0:5) T - a wand of slow monster (0:4) x - a wand of speed monster (0:6) X - a blessed wand of striking (0:2) g - a wand of teleportation (0:3) Tools s - an uncursed bag of holding containing 28 items m - a bag of tricks (0:13) u - an uncursed lock pick e - an uncursed oil lamp n - an uncursed towel B - a +0 unicorn horn Gems/Stones H - an uncursed diamond O - 3 uncursed emeralds M - 3 uncursed rubies N - 2 uncursed luckstones Contents of the bag of holding: an uncursed slime mold 6 uncursed food rations an uncursed lizard corpse 3 uncursed scrolls of blank paper an uncursed scroll of charging a cursed scroll of charging an uncursed scroll of confuse monster 2 uncursed scrolls of create monster 2 uncursed scrolls of earth a blessed scroll of enchant weapon an uncursed scroll of fire a blessed scroll of identify an uncursed scroll of light an uncursed scroll of magic mapping 2 uncursed scrolls of teleportation an uncursed potion of blindness an uncursed potion of extra healing an uncursed potion of extra healing an uncursed potion of gain ability a cursed potion of gain ability an uncursed potion of hallucination 2 uncursed potions of levitation an uncursed potion of paralysis an uncursed potion of restore ability an uncursed potion of sickness an uncursed potion of sleeping 2 potions of holy water an uncursed potion of water Grux the Valkyrie's attributes: Background: You were a Woman-at-arms, a level 11 human Valkyrie. You were lawful, on a mission for Tyr who was opposed by Odin (neutral) and Loki (chaotic). You were in the Dungeons of Doom, on level 11. You entered the dungeon 17300 turns ago. You had 12240 experience points, 7760 more were needed to attain level 12. Your score was 50288 before end-of-game adjustments. Basics: You had 0 out of 95 hit points. You had all 21 energy points (spell power). Your armor class was -5. Your wallet contained 618 zorkmids. Autopickup was on for '$' plus thrown. Final Characteristics: Your strength was 18 (limit:18/100). Your dexterity was 17 (limit:18). Your constitution was 18 (limit:18). Your intelligence was 10 (limit:18). Your wisdom was 10 (limit:18). Your charisma was 7 (limit:18). Final Status: You were temporarily blind. You were satiated. You were unencumbered. You were wielding a long sword. You were skilled in long sword and could have enhanced that. Final Attributes: You were piously aligned. You were cold resistant. You were shock resistant. You were poison resistant. You were level-drain resistant. You were telepathic. You had automatic searching. You were visible. You were stealthy. You were guarded. You were fast. You were very lucky. You had extra luck. Bad luck did not time out for you. Good luck did not time out for you. You are dead. Miscellaneous: You encountered 2 bones levels. Total elapsed playing time was 5 hours, 12 minutes and 54 seconds. Major events: Turn 1: grux the lawful human Valkyrie entered the dungeon 1378: attained the rank of Skirmisher (level 3) 4052: endured an absurd aquatic ceremony, and now wields Excalibur 4942: entered the Gnomish Mines 5036: attained the rank of Fighter (level 6) 5488: reached Mine Town 10779: entered Sokoban 11133: completed 1st Sokoban level 11780: completed 2nd Sokoban level 12355: completed 3rd Sokoban level 12629: attained the rank of Woman-at-arms (level 10) 13578: completed 4th Sokoban level 13974: acquired the Sokoban bag of holding 15339: acquired the Mines' End luckstone 17237: entered the Bigroom 17300: killed by a paper golem, while frozen by a floating eye's gaze Vanquished creatures: 2 giant mimics a long worm 2 large mimics a stalker an earth elemental a giant zombie a warg a winter wolf 3 small mimics 2 warhorses a xan an ettin mummy a quantum mechanic 2 gelatinous cubes 2 freezing spheres a flaming sphere 2 large cats 2 gargoyles a tengu 3 leocrottas an energy vortex a stone giant an elf mummy 2 wraiths 2 carnivorous apes a leather golem a soldier 3 watchmen an amorous demon 3 chameleons a crocodile 4 giant beetles a quivering blob 3 cockatrices 6 wolves 4 winter wolf cubs a lynx 2 panthers 2 gremlins a spotted jelly 2 leprechauns an iron piercer 3 giant spiders 5 scorpions a horse an ice vortex a black light 3 vampire bats 2 gnome rulers 4 orc mummies a dwarf mummy an ogre 2 brown puddings 4 owlbears 5 yetis a gold golem 2 werewolves 2 Green-elves 10 lizards 3 chickatrices 2 dingoes 3 housecats 4 jaguars 5 blue jellies a white unicorn a gray unicorn a dust vortex 2 ravens 2 plains centaurs 4 snakes 7 apes a human zombie a rope golem 3 Woodland-elves 3 soldier ants 4 fire ants a bugbear an imp a quasit a wood nymph 2 water nymphs 3 mountain nymphs 7 Mordor orcs 4 Uruk-hai an orc shaman 2 rock piercers 4 rock moles a pony 8 fog clouds 10 yellow lights 3 violet fungi 20 gnome leaders 7 gnomish wizards 3 kobold mummies 2 gray oozes 3 elf zombies 3 ghouls 2 straw golems a paper golem 6 giant ants 3 little dogs 5 floating eyes 2 kittens 7 dwarves 5 homunculi 2 kobold leaders a kobold shaman 5 hill orcs 11 rothes 6 rabid rats 3 centipedes 3 giant bats 10 orc zombies 2 dwarf zombies 2 wererats 3 werejackals 10 iguanas 23 killer bees 6 acid blobs 2 coyotes 3 gas spores 2 hobbits 4 manes a large kobold 4 hobgoblins 5 giant rats 3 cave spiders 6 yellow molds 3 red molds 67 gnomes 2 garter snakes 4 gnome zombies 7 geckos 9 jackals a fox a kobold 5 goblins 8 sewer rats 16 grid bugs 5 bats 10 lichens 2 kobold zombies 10 newts 555 creatures vanquished. No species were genocided or became extinct. Voluntary challenges: You read items or engraved 25 times. You never engraved Elbereth. You never genocided any monsters. You never polymorphed an object. You never changed form. You used no wishes. You violated the special Sokoban rules twice. Achievements: You entered a shop. You attained the rank of Skirmisher. You entered the Gnomish Mines. You attained the rank of Fighter. You entered Minetown. You entered a temple. You entered Sokoban. You attained the rank of Woman-at-arms. You completed Sokoban. You completed the Gnomish Mines. You entered the Big Room. The Dungeons of Doom: levels 1 to 11 Level 1: Level 2: A general store, a fountain. Level 3: "unicorn here" A general store. Level 4: Stairs down to The Gnomish Mines. Level 5: A general store. Level 6: Many fountains. Oracle of Delphi. Level 7: Stairs up to Sokoban, level 6. Level 8: Level 9: A fountain, a grave. Level 10: A jewelers, a fountain. Level 11: <- You were here. A very big room. Final resting place for you, killed by a paper golem, while frozen by a floating eye's gaze, WizzyTheWeird-Wiz-Hum-Mal-Neu, killed by an orc mummy. The Gnomish Mines: levels 5 to 13 Level 5: Level 6: Final resting place for petrakat-Arc-Dwa-Fem-Law, killed by a giant bat. Level 7: Many shops, a temple to Tyr, some fountains, some trees. Level 8: Level 9: Level 10: Level 11: Level 12: Level 13: Sokoban: levels 6 up to 3 Level 3: Solved. Level 4: Solved. Level 5: Solved. Level 6: Solved. Game over: ---------- / \ / REST \ / IN \ / PEACE \ / \ | grux | | 618 Au | | killed by a | | paper golem | | | | | | 2023 | *| * * * | * _________)/\\_//(\/(/\)/\//\/|_)_______ Farvel grux the Valkyrie... You died in The Dungeons of Doom on dungeon level 11 with 50227 points, and 618 pieces of gold, after 17300 moves. You were level 11 with a maximum of 95 hit points when you died.